 Dungeon Crawl Stone Soup version 0.28.0-43-g3370ac3207 (webtiles) character file.

Game seed: 3490102464731554718

99537 experimilk the Fencer (level 15, 0/138 HPs)
             Began as a Palentonga Fighter on Mar 5, 2022.
             Was a High Priest of Qazlal.
             Slain by a golden dragon simulacrum (15 damage)
             ... summoned by an orange crystal statue
             ... in an ice cave.
             The game lasted 01:47:24 (39309 turns).

experimilk the Fencer (Palentonga Fighter)         Turns: 39309, Time: 01:47:24

Health: 0/138      AC: 17    Str: 31      XL:     15   Next: 78%
Magic:  22/22      EV:  7    Int:  7 (9)  God:    Qazlal [*****.]
Gold:   1597       SH: 24    Dex: 16      Spells: 14/14 levels left

rFire   + . .      SeeInvis +   M - +1 demon blade (flame)
rCold   + + .      Faith    +   D - +0 tower shield
rNeg    . . .      Spirit   .   x - +3 ring mail {rF+}
rPois   .          Reflect  .   (no helmet)
rElec   .          Harm     .   V - scarf {+Inv}
rCorr   .          Rampage  .   (no gloves)
Will    ++...                   (no barding)
Stlth   +.........              P - amulet of faith
HPRegen 0.33/turn               L - ring of the Prince of Darkness {Contam Will+ Str+5 Dex+6}
MPRegen 0.18/turn               a - ring of protection from cold

@: protected from cold, repel missiles, curled up
A: large, rugged brown scales 3, see invisible, deformed body, roll 1, armoured
tail, reflexive curl
a: Rolling Charge, Renounce Religion, Evoke Invisibility, Upheaval, Elemental
Force, Disaster Area


You were in an ice cave.
You worshipped Qazlal.
Qazlal was extremely pleased with you.
You visited 4 branches of the dungeon, and saw 23 of its levels.
You also visited: Ossuary, Ice Cave and Volcano.

You collected 3551 gold pieces.
You spent 1954 gold pieces at shops.

Inventory:

Hand Weapons
 n - the +10 falchion "Xonwur" {elec, Dex+3}
   (You found it on level 2 of the Dungeon)

   It occasionally discharges a powerful burst of electricity upon striking a
   foe.
   Dex:       It affects your dexterity (+3).
 M - a +1 demon blade of flaming (weapon)
 R - the +4 double sword of Waipraiqo {holy, Will+ Int+3 Dex+3}
   (You acquired it on level 3 of the Lair of Beasts)

   It has been blessed by the Shining One to cause great damage to the undead
   and demons.
   Int:       It affects your intelligence (+3).
   Dex:       It affects your dexterity (+3).
   Will:      It increases your willpower.
Armour
 f - a +1 cloak
 g - a +0 plate armour of positive energy
 x - a +3 ring mail of fire resistance (worn)
 D - a +0 tower shield (worn)
 N - the +0 ring mail of Otui {rCorr Str+3}
   (You found it on level 12 of the Dungeon)

   Str:       It affects your strength (+3).
   rCorr:     It protects you from acid and corrosion.
 V - a scarf of invisibility (worn)
Jewellery
 a - a ring of protection from cold (right hand)
 i - a +6 ring of strength
 k - a ring of willpower
 p - a +4 ring of protection
 B - a +4 ring of slaying
 L - the ring of the Prince of Darkness (left hand) {Contam Will+ Str+5 Dex+6}
   (You bought it in a shop on level 2 of the Orcish Mines)

   [ring of willpower]

   Str:       It affects your strength (+5).
   Dex:       It affects your dexterity (+6).
   Contam:    It causes magical contamination when unequipped.
   Will:      It increases your willpower.
 P - an amulet of faith (around neck)
 S - a ring of protection from fire
 T - a ring of resist corrosion
Wands
 c - a wand of digging (6)
 d - a wand of polymorph (6)
 w - a wand of charming (13)
 E - a wand of paralysis (8)
 F - a wand of iceblast (12)
Scrolls
 h - a scroll of holy word
 r - 7 scrolls of teleportation
 t - a scroll of fear
 u - a scroll of blinking
 y - 2 scrolls of fog
 z - a scroll of brand weapon
 A - 2 scrolls of silence
Potions
 e - 8 potions of curing
 j - 4 potions of lignification
 l - 4 potions of haste
 m - 2 potions of invisibility
 o - 4 potions of cancellation
 s - 5 potions of might
 G - 3 potions of resistance
 H - a potion of ambrosia
 I - 3 potions of berserk rage
Miscellaneous
 q - a box of beasts
 C - a phantom mirror
 O - a tin of tremorstones (inert)


   Skills:
 + Level 15.3 Fighting
 - Level 16.0 Long Blades
 - Level 3.6 Maces & Flails
 + Level 8.5 Armour
 - Level 2.0 Dodging
 - Level 10.0 Shields
 - Level 10.0 Invocations
 - Level 6.0 Evocations


You had 14 spell levels left.
You didn't know any spells.
Your spell library contained the following spells:

 Spells                   Type           Power      Damage    Failure   Level
 Apportation              Tloc           0%         N/A       94%         1
 Ensorcelled Hibernation  Hex/Ice        0%         N/A       98%         2
 Call Canine Familiar     Summ           0%         N/A       100%        3
 Ozocubu's Armour         Ice            0%         N/A       100%        3
 Portal Projectile        Hex/Tloc       0%         N/A       100%        3
 Spider Form              Tmut/Pois      0%         N/A       100%        3
 Anguish                  Hex/Necr       0%         N/A       100%        4
 Leda's Liquefaction      Hex/Erth       0%         N/A       100%        4
 Alistair's Intoxication  Tmut/Pois      0%         N/A       100%        5
 Fireball                 Conj/Fire      0%         3d3       100%        5
 Iskenderun's Battlesphe  Conj           0%         2d6       100%        5
 Conjure Ball Lightning   Conj/Air       0%         3x3d6     100%        6
 Dispersal                Tloc           0%         N/A       100%        6
 Orb of Destruction       Conj           0%         9d5       100%        7
 Ozocubu's Refrigeration  Ice            0%         4d5       100%        7
 Disjunction              Tloc           0%         N/A       100%        8


Dungeon Overview and Level Annotations

Branches:
Dungeon (14/15)            Temple (1/1) D:4            Lair (6/6) D:9
 Shoals (0/4) Lair:4        Snake (0/4) Lair:3        Slime (0/5) Lair:5
    Orc (2/2) D:12            Elf (0/3) Orc:2        Vaults (0/5) D:13
Ossuary (visited)           IceCv (1/1)             Volcano (visited)

Altars:
Ashenzari
Cheibriados
Dithmenos
Elyvilon
Fedhas
Gozag
Hepliaklqana
Kikubaaqudgha
Makhleb
Nemelex Xobeh
Okawaru
Qazlal
Ru
Sif Muna
Trog
Uskayaw
Vehumet
Wu Jian
Xom
Yredelemnul
Zin
The Shining One
Beogh
Lugonu

Shops:
D:7 :[   D:10 (!=(   D:12 *[=   Orc:1 (*((   Orc:2 *=(*

Portals:
Abyss: Lair:6

Annotations:
D:4 2 transporters, Ekaitz's ghost, amateur DsFE
Lair:5 exclusion: 3 oklob plants IceCv exclusion: orange crystal statue


Innate Abilities, Weirdness & Mutations

You are completely covered in rugged brown scales. (AC +3, +7% HP)
You have supernaturally acute eyesight. (SInv)
Armour fits poorly on your strangely shaped body.
You can roll at nearby foes to attack.
You have a long armoured tail.
You curl defensively after being hit. (AC +7*)


Message History

You feel protected from cold. The golden dragon simulacrum claws you!
The golden dragon simulacrum freezes you!
You resist.
The golden dragon simulacrum closely misses you.
The ice dragon simulacrum bites you but does no damage.
The ice dragon simulacrum claws you. The ice dragon simulacrum freezes you.
You resist.
The ice dragon simulacrum barely misses you.
The swamp dragon simulacrum completely misses you.
The swamp dragon simulacrum claws you.
* * * LOW HITPOINT WARNING * * *
The swamp dragon simulacrum freezes you.
You resist.
* * * LOW HITPOINT WARNING * * *
The swamp dragon simulacrum tramples you.
* * * LOW HITPOINT WARNING * * *
You hold your ground!
Okay, then.
You slash the swamp dragon simulacrum!
You melt the swamp dragon simulacrum!
You tail-slap the swamp dragon simulacrum.
The swamp dragon simulacrum vaporises!
The ice dragon simulacrum bites you.
* * * LOW HITPOINT WARNING * * *
The ice dragon simulacrum freezes you. You resist.
* * * LOW HITPOINT WARNING * * *
The ice dragon simulacrum barely misses you.
The ice dragon simulacrum tramples you but does no damage.
The golden dragon simulacrum bites you but does no damage.
The golden dragon simulacrum claws you but does no damage.
The golden dragon simulacrum tramples you but does no damage.
The orange crystal statue glitters.
Your magical effects are unravelling.
You feel magically purged.
You feel less confused.
You block the ice dragon simulacrum's attack. x2
The ice dragon simulacrum tramples you.
* * * LOW HITPOINT WARNING * * *
You stumble backwards!
The golden dragon simulacrum bites you!
You die...

##..##.#...#####...##
#..#.#####...#.#....##
##...## ###.....#.).#
.###.)# ###.####).#
...#..# ### ..## .....##
..## .##### ####..## ##
##8#....#.#
###ZZ@§......
#...ZZ.......
###.....§......
#.............. ###
###.............
###.#####..#............
#..#..#...####..........
..#.#...### ###........
######.## ##....#


You could see an orange crystal statue, 2 ice dragon simulacra and 2 golden
dragon simulacra.

Vanquished Creatures
  A very ugly thing (D:13)
  Nessos (D:12)
  2 white draconians (IceCv)
  Snorg (D:13)
  A vault guard (D:13)
  10 hydras
  A centaur warrior (D:13)
  A catoblepas (Lair:6)
  6 two-headed ogres
  4 death yaks (Lair:4)
  2 death knights
  A hell hog (Volcano)
  3 thrashing horrors (Lair:6)
  5 orc high priests
  Sonja (Lair:5)
  3 wizards
  6 orc knights
  Pikel (D:8)
  8 orc sorcerers
  2 oklob plants (Lair:5)
  A cyclops (D:13)
  8 ugly things
  A manticore (D:11)
  3 salamanders (Volcano)
  14 elephants
  7 black mambas
  A merfolk siren (Lair:4)
  11 cane toads
  A gargoyle (D:11)
  A smoke demon (Lair:6)
  4 storm dragon simulacra (IceCv)
  Maggie (Lair:1)
  2 rime drakes (Lair:5)
  2 tengu conjurers (D:13)
  3 golden dragon simulacra (IceCv)
  3 komodo dragons
  An efreet (D:13)
  2 ancient zymes (Lair:6)
  3 meliai (D:13)
  10 trolls
  A polar bear (Lair:5)
  A hornet (D:10)
  7 slime creatures
  18 blink frogs
  7 dream sheep (Lair:5)
  2 spriggans (Lair:6)
  A shadow (D:13)
  3 ynoxinuls (Lair:6)
  48 yaks
  6 wraiths
  21 humans (D:13)
  A vampire (D:12)
  4 wyverns
  Grum (D:8)
  6 basilisks
  2 steam dragons
  9 vampire mosquitoes
  2 chaos spawn (Lair:6)
  12 wargs
  An acid dragon (D:5)
  16 water moccasins
  3 large abominations (Lair:6)
  2 hell hounds (Volcano)
  An ice beast (D:8)
  46 orc warriors
  3 black bears
  3 ice dragon simulacra (IceCv)
  15 ogres
  15 wolves
  4 centaurs
  A phantom (D:7)
  13 bullfrogs
  2 scorpions
  2 wyvern zombies
  6 small abominations (Lair:6)
  A water moccasin skeleton (D:6)
  2 lindwurm simulacra (IceCv)
  12 wights
  2 howler monkeys
  A crimson imp (D:10)
  2 centaur zombies
  A bullfrog zombie (D:6)
  A human zombie (D:5)
  A bullfrog skeleton (D:6)
  5 centaur skeletons
  3 hounds
  4 jellies
  A gnoll shaman (D:6)
  36 orc priests
  35 orc wizards
  6 iguanas
  A hound zombie (D:5)
  8 mummies (Ossuary)
  2 hound skeletons (D:4)
  A howler monkey zombie (D:7)
  9 gnolls
  2 howler monkey skeletons
  10 adders
  2 white imps
  An ufetubus (D:5)
  2 worm zombies (D:5)
  A dart slug (D:5)
  119 orcs
  10 ball pythons
  3 endoplasms
  2 giant cockroaches
  8 goblins
  A hobgoblin (D:4)
  6 jackals
  6 kobolds
  5 quokkas
  3 bats
  4 frilled lizards
  A gnoll zombie (Ossuary)
  A goblin zombie (D:5)
  3 hobgoblin zombies (Ossuary)
  4 kobold zombies
  2 orc zombies
  7 rats
  A butterfly (Lair:5)
762 creatures vanquished.

Vanquished Creatures (collateral kills)
  Saint Roka (Orc:2)
  An orc warlord (Orc:2)
  A white draconian (IceCv)
  Josephine (D:11)
  A two-headed ogre (D:12)
  A black mamba (Lair:2)
  A gargoyle (D:10)
  A rime drake (Lair:3)
  A shadow (D:11)
  A wraith (D:11)
  A warg (D:12)
  A wolf (Lair:3)
  An orc wizard (D:12)
13 creatures vanquished.

Vanquished Creatures (others)
  A wolf (D:8)
  2 orc wizards (Orc:1)
  3 orcs
  19 fungi
  27 plants
52 creatures vanquished.

Grand Total: 827 creatures vanquished

Notes
Turn   | Place    | Note
-------+----------+-------------------------------------------
     0 | D:1      | experimilk the Palentonga Fighter began the quest for the
                  | Orb.
     0 | D:1      | Reached XP level 1. HP: 19/19 MP: 1/1
   252 | D:1      | Reached XP level 2. HP: 25/25 MP: 2/2
  1069 | D:2      | Reached XP level 3. HP: 31/31 MP: 3/3
  1163 | D:2      | Identified the +10 falchion "Xonwur" {elec, Dex+3}
  1284 | D:2      | Found a faded altar of an unknown god.
  1728 | D:2      | Reached skill level 1 in Long Blades
  1898 | D:2      | Reached skill level 2 in Long Blades
  1898 | D:2      | Reached XP level 4. HP: 29/37 MP: 4/4
  1983 | D:3      | Identified a scroll of acquirement
  1983 | D:3      | Acquired 978 gold pieces
  2913 | D:4      | Reached skill level 3 in Long Blades
  3049 | D:4      | Found a transporter.
  3053 | D:4      | Noticed Ekaitz's ghost (amateur DsFE)
  3090 | D:4      | Reached XP level 5. HP: 39/43 MP: 5/5
  3115 | D:4      | Found an opulent altar of Gozag.
  3128 | D:4      | Reached skill level 4 in Long Blades
  3154 | D:4      | Found a staircase to the Ecumenical Temple.
  3209 | Temple   | Entered the Ecumenical Temple
  3499 | Temple   | Became a worshipper of Qazlal Stormbringer
  3560 | D:4      | Reached skill level 5 in Long Blades
  3560 | D:4      | Reached XP level 6. HP: 50/50 MP: 6/6
  3668 | D:4      | Found a transporter.
  3705 | D:5      | Entered Level 5 of the Dungeon
  3852 | D:5      | Reached skill level 1 in Invocations
  4075 | D:5      | Found a sand-covered staircase.
  4094 | D:5      | Gained mutation: You curl defensively after being hit. (AC
                  | +7*) [Palentonga growth]
  4094 | D:5      | Reached XP level 7. HP: 54/55 MP: 8/8
  4103 | Ossuary  | Entered an ossuary
  4121 | Ossuary  | Reached * piety under Qazlal
  4511 | D:5      | Reached skill level 6 in Long Blades
  4633 | D:5      | Found a shimmering altar of Xom.
  5357 | D:5      | Reached XP level 8. HP: 49/65 MP: 9/9
  5551 | D:5      | Reached skill level 7 in Long Blades
  6128 | D:5      | Reached skill level 5 in Fighting
  6398 | D:6      | Reached ** piety under Qazlal
  6823 | D:6      | Reached skill level 1 in Evocations
  7072 | D:6      | Reached skill level 8 in Long Blades
  7251 | D:6      | Identified the ring "Nosaoref" {Ice Str+5 Int-2 Stlth+}
  7372 | D:7      | Found Zavvon's Armour Shop.
  7506 | D:7      | Reached XP level 9. HP: 55/73 MP: 10/10
  7641 | D:7      | Found a hide-covered altar of Uskayaw.
  8189 | D:7      | Found Isselam's Book Boutique.
  8196 | D:7      | Reached skill level 9 in Long Blades
  8487 | D:8      | Reached *** piety under Qazlal
  8695 | D:8      | Noticed Grum
  8700 | D:8      | Reached skill level 10 in Long Blades
  8704 | D:8      | Killed Grum
  9129 | D:8      | Noticed Pikel
  9143 | D:8      | Killed Pikel
  9144 | D:8      | Reached XP level 10. HP: 76/84 MP: 12/12
  9358 | D:8      | Found a shimmering blue altar of Sif Muna.
  9997 | D:9      | Reached skill level 11 in Long Blades
 10181 | D:9      | Reached skill level 5 in Armour
 10505 | D:9      | Reached **** piety under Qazlal
 10633 | D:9      | Paralysed by a centaur for 2 turns
 10798 | D:9      | Found a staircase to the Lair.
 10986 | D:9      | Found a glowing golden altar of the Shining One.
 11137 | D:10     | Entered Level 10 of the Dungeon
 11140 | D:10     | Found Foumemis's Distillery.
 11222 | D:10     | Bought a potion of resistance for 160 gold pieces
 11222 | D:10     | Bought a potion of resistance for 160 gold pieces
 11222 | D:10     | Bought a potion of curing for 48 gold pieces
 11222 | D:10     | Bought a potion of ambrosia for 128 gold pieces
 11222 | D:10     | Bought a potion of heal wounds for 80 gold pieces
 11222 | D:10     | Bought 2 potions of berserk rage for 160 gold pieces
 11222 | D:10     | Bought a potion of cancellation for 128 gold pieces
 11270 | D:10     | Found Jont's Weapon Shoppe.
 11289 | D:10     | Found Puogh's Jewellery Boutique.
 11528 | D:10     | Noticed a gargoyle
 11541 | D:10     | Killed a gargoyle
 11878 | D:10     | Found an ornate altar of the Wu Jian Council.
 11907 | D:10     | Found Tamib's Antique Weapon Boutique.
 11990 | D:10     | Reached skill level 12 in Long Blades
 11990 | D:10     | Reached XP level 11. HP: 82/93 MP: 14/14
 12125 | D:10     | Noticed a wizard
 12129 | D:10     | Killed a wizard
 13071 | D:11     | Noticed a two-headed ogre
 13080 | D:11     | Killed a two-headed ogre
 13258 | D:11     | Noticed Josephine
 13259 | D:11     | Reached skill level 13 in Long Blades
 13274 | D:11     | Killed Josephine
 13966 | D:11     | Reached skill level 14 in Long Blades
 15305 | D:12     | Found Forelew's Jewellery Shop.
 15306 | D:12     | Noticed a two-headed ogre
 15314 | D:12     | Killed a two-headed ogre
 15346 | D:12     | Noticed Nessos
 15477 | D:12     | Killed Nessos
 15572 | D:12     | Reached skill level 5 in Shields
 15572 | D:12     | Reached XP level 12. HP: 98/101 MP: 15/15
 15595 | D:12     | Reached skill level 5 in Invocations
 15626 | D:12     | Identified the +0 ring mail of Otui {rCorr Str+3}
 15752 | D:12     | Found Sevve's Armour Boutique.
 15792 | D:12     | Found Memucoth's General Store.
 15799 | D:12     | Bought a scroll of magic mapping for 52 gold pieces
 15799 | D:12     | Bought a scroll of teleportation for 45 gold pieces
 15898 | D:12     | Noticed a death knight
 16086 | Lair:1   | Entered Level 1 of the Lair of Beasts
 16298 | Lair:1   | Noticed Maggie
 16304 | Lair:1   | Killed Maggie
 16325 | Lair:1   | Noticed a seven-headed hydra
 16335 | Lair:1   | Killed a seven-headed hydra
 16768 | Lair:1   | Identified the +0 chain mail of Atheism {rElec rN+ Will-}
 17093 | Lair:2   | Reached skill level 10 in Fighting
 17135 | Lair:2   | Identified the +1 robe of Olusch {rF+ rC+ Int+4}
 17561 | Lair:2   | You fall into a shaft and drop 1 floor!
 17595 | Lair:3   | Found a dark tunnel.
 17600 | Volcano  | Entered a volcano
 17628 | Volcano  | Noticed a hell hog
 17628 | Volcano  | Noticed a two-headed ogre
 17637 | Volcano  | Killed a hell hog
 17640 | Volcano  | Killed a two-headed ogre
 18721 | Lair:3   | Acquired the +4 double sword of Waipraiqo {holy, Will+
                  | Int+3 Dex+3}
 18862 | Lair:3   | Reached XP level 13. HP: 84/113 MP: 18/18
 19031 | Lair:3   | Found a staircase to the Snake Pit.
 20025 | Lair:4   | Identified the +8 morningstar of Earthquakes {vorpal,
                  | *Corrode Int+2 SInv}
 20365 | Lair:4   | Found a staircase to the Shoals.
 21188 | Lair:5   | Noticed Sonja
 22336 | Lair:5   | Found a staircase to the Slime Pits.
 22383 | Lair:5   | Killed Sonja
 22384 | Lair:5   | Reached XP level 14. HP: 78/107 MP: 20/20
 22580 | Lair:5   | Found a blossoming altar of Fedhas.
 23327 | Lair:5   | Found the +3 pair of seven-league boots {Rampage+∞}
 23458 | Lair:6   | Entered Level 6 of the Lair of Beasts
 26023 | Lair:6   | Reached skill level 15 in Long Blades
 26103 | Lair:6   | Found a corrupted altar of Lugonu.
 26103 | Lair:6   | Found a one-way gate to the infinite horrors of the Abyss.
 26679 | D:12     | Found a staircase to the Orcish Mines.
 27543 | Orc:1    | Entered Level 1 of the Orcish Mines
 28963 | Orc:1    | Found Xaakil's Antique Weapon Shoppe.
 29358 | Orc:1    | Found Nuorot's Assorted Antiques.
 29601 | Orc:1    | Bought a potion of heal wounds for 115 gold pieces
 29601 | Orc:1    | Bought a scroll labelled NEUFFA DIGO for 23 gold pieces
 29650 | Orc:1    | Found Kamees's Weapon Shoppe.
 29730 | Orc:1    | Reached ***** piety under Qazlal
 29844 | Orc:1    | Found Xanotiss's Weapon Boutique.
 30030 | Orc:2    | Entered Level 2 of the Orcish Mines
 30737 | Orc:2    | Found a staircase to the Elven Halls.
 31148 | Orc:2    | Noticed Saint Roka
 31458 | Orc:2    | Killed Saint Roka
 31459 | Orc:2    | Reached skill level 10 in Invocations
 32488 | Orc:2    | Reached XP level 15. HP: 134/134 MP: 22/22
 32782 | Orc:2    | Reached skill level 16 in Long Blades
 32821 | Orc:2    | Found Onannu's Jewellery Emporium.
 32833 | Orc:2    | Found Otafeud's Assorted Antiques.
 33174 | Orc:2    | Noticed an orc warlord
 33183 | Orc:2    | Killed an orc warlord
 33959 | Orc:2    | Found Qeixt's Assorted Antiques.
 33966 | Orc:2    | Bought a potion of curing for 81 gold pieces
 33966 | Orc:2    | Bought a potion of curing for 81 gold pieces
 33987 | Orc:2    | Found Toeq's Weapon Emporium.
 34385 | Orc:2    | Bought the ring of the Prince of Darkness {Contam Will+
                  | Str+5 Dex+6} for 693 gold pieces
 35106 | D:13     | Reached skill level 10 in Shields
 35477 | D:13     | Reached skill level 15 in Fighting
 35574 | D:13     | Reached ****** piety under Qazlal
 35575 | D:13     | Reached skill level 1 in Dodging
 35931 | D:13     | Found a gate to the Vaults.
 36102 | D:13     | Noticed Snorg
 36118 | D:13     | Killed Snorg
 36579 | D:13     | Found a hazy altar of Hepliaklqana.
 36907 | D:14     | Reached skill level 5 in Evocations
 37506 | D:14     | Found a frozen archway.
 37523 | IceCv    | Entered an ice cave
 39309 | IceCv    | Slain by a golden dragon simulacrum

Illustrated notes

Levels and vault maps discovered:
D:1:      psy_arrival_basics, layout_basic
D:2:      layout_rooms, ebering_ecumenical_altar_mist, lightli_corner_chamber
D:3:      layout_basic, dk_noncrumbling_3
D:4:      layout_rooms, lemuel_crystal_altar,
          minmay_temple_entry_statues_pillars, gammafunk_ghost_mausoleum
D:5:      layout_basic, xom_confusion_cloud, enter_ossuary_3
D:6:      layout_rooms
D:7:      layout_loops_corners, marbit_many_paths, serial_shops,
          nicolae_stop_n_shop_1, nicolae_take_the_stairs,
          minmay_stone_trees_small, st_stairs_3
D:8:      layout_rooms, kennysheep_orc_sif_temple, uniq_pikel, uniq_grum
D:9:      layout_long_grid, lemuel_doored_altar, erik_lair_orcish_takeover
D:10:     layout_gridville, old_standard_altar, serial_shops,
          nicolae_square_shop, nicolae_stop_n_shop_1, nicolae_diamond_shop,
          minmay_shop_enchanted_jewellery, lightli_wizard_tower
D:11:     layout_stronghold, gauntlet_entry_generic, uniq_josephine
D:12:     minmay_inner_zag, layout_basic, serial_shops, shop,
          kennysheep_mini_moat, shop, uniq_nessos
D:13:     layout_rooms, grunt_vaults_entry_tiered,
          nicolae_hepliaklqana_hippocampus, uniq_snorg
D:14:     evilmike_makhleb_hellhole, layout_long_grid,
          portal_ice_cave_entry_ugly_swarm, uniq_roxanne
Temple:   nicolae_temple_elliptical
Lair:1:   layout_regular_city, uniq_maggie
Lair:2:   layout_regular_city
Lair:3:   layout_cave_pods, minmay_snake_entry_six_corridors,
          nicolae_volcano_entry_s_turn, serial_bayou_shore_b, lemuel_fruit_tree
Lair:4:   layout_regular_city, minmay_shoals_entry_lonely_mermaid
Lair:5:   layout_cave_pods, minmay_slime_entry_oklob_open,
          hangedman_tree_tricks, grunt_megastairs_2, lemuel_fruit_fields,
          infiniplex_staircase_pool_2, uniq_sonja
Lair:6:   hellmonk_lair_end_abyssal_woods, layout_gridlike, serial_bayou_shore_b
Orc:1:    cheibrodos_orc_guarddog, layout_caves, serial_shops,
          nicolae_shop_trees, nicolae_square_shop,
          nicolae_shop_bloodbath_and_beyond, nicolae_lakefront_shop
Orc:2:    pubby_orc_utopia, uniq_saint_roka
IceCv:    ice_cave_small_dragons

Skill      XL: |  1  2  3  4  5  6  7  8  9 10 11 12 13 14 15 |
---------------+----------------------------------------------+-----
Maces & Flails | 3 |  3.6
Long Blades    | 2 3 5 6 8 10 12 14 15 16 | 16.0
Invocations    | 1 2 3 4 7 8 10 | 10.0
Armour         | 3 4 5 6 8 |  8.5
Fighting       | 4 5 7 8 9 11 13 14 15 | 15.3
Evocations     | 2 3 4 6 |  6.0
Shields        | 3 4 5 6 8 9 10 | 10.0
Dodging        | 2 |  2.0

Action                   |  1- 3 |  4- 6 |  7- 9 | 10-12 | 13-15 || total
-------------------------+-------+-------+-------+-------+-------++-------
Melee: Flail             |    87 |       |       |       |       ||    87
       Tailslap          |     9 |     8 |    26 |    48 |   188 ||   279
       Falchion          |    33 |    98 |   213 |   371 |       ||   715
       Double sword      |       |       |       |     8 |  1001 ||  1009
       Demon blade       |       |       |       |       |    86 ||    86
Invok: Upheaval          |       |       |     1 |     5 |    31 ||    37
       Elemental Force   |       |       |       |     3 |     5 ||     8
 Abil: Rolling Charge    |     7 |     3 |    32 |    35 |    79 ||   156
Evoke: Wand              |       |       |    17 |    25 |    11 ||    53
       Phantom mirror    |       |       |       |       |     1 ||     1
       Tin of tremorston |       |       |       |       |     2 ||     2
  Use: Scroll            |     5 |     9 |     6 |    10 |     6 ||    36
       Potion            |       |       |     3 |     5 |    11 ||    19
 Stab: Paralysed         |       |       |       |       |     1 ||     1
Armor: Scale mail        |    74 |     3 |       |       |       ||    77
       Chain mail        |       |    37 |    60 |       |       ||    97
       Ring mail         |       |       |    12 |    55 |   290 ||   357
       Plate armour      |       |       |       |    57 |       ||    57
       Skin              |       |       |       |     7 |       ||     7
Dodge: Dodged            |    47 |    18 |    71 |    72 |   183 ||   391
Block: Buckler           |    42 |    17 |    65 |   149 |       ||   273
       Tower shield      |       |       |       |    11 |  1214 ||  1225
